Map: Frozen Temple

Players

PiLiPiLi

  • Race: Protoss Protoss

Neeb - Winner!

  • Race: Protoss Protoss

Event: 2016 WCS Summer Circuit Championship (DH Montreal)

VOD

Have the link to the VOD?

Description

Time

  • Played on: Aug. 12, 2016, 9:51 p.m.
  • Length: 11:27

All games in this series

Show
View Real Time Build Order
Export as new Build Order

PiLiPiLi Protoss 

Build Orders:  

Get SALT Encoding   

  12  0:01  Probe (Chrono Boost)  
  13  0:11  Probe (Chrono Boost)  
  14  0:18  Pylon  
  14  0:22  Probe (Chrono Boost)  
  15  0:36  Probe (Chrono Boost), Gateway  
  15  0:42  Assimilator  
  16  0:46  Probe (Chrono Boost)  
  17  0:53  Assimilator  
  18  0:57  Probe (Chrono Boost)  
  18  1:03  Gateway  
  18  1:07  Probe (Chrono Boost)  
  19  1:18  Probe (Chrono Boost)  
  20  1:24  Cybernetics Core  
  20  1:28  Probe (Chrono Boost)  
  21  1:33  Pylon  
  21  1:39  Probe (Chrono Boost)  
  22  1:50  Probe (Chrono Boost), Warp Gate  
  23  2:01  Mothership Core (Chrono Boost)  
  25  2:02  Stalker  
  25  2:07  Stalker  
  29  2:15  Pylon  
  29  2:19  Probe (Chrono Boost)  
  30  2:33  Probe (Chrono Boost), Stalker  
  33  2:37  Stalker  
  36  2:45  Probe (Chrono Boost)  
  36  3:05  Nexus  
  36  3:10  Probe (Chrono Boost)  
  37  3:16  Pylon  
  37  3:22  Sentry  
  39  3:35  Probe (Chrono Boost), Robotics Facility  
  40  3:45  Probe (Chrono Boost)  
  41  3:54  Pylon  
  41  3:56  Probe (Chrono Boost)  
  41  3:57  Sentry x2  
  41  4:02  Gateway  
  46  4:06  Probe (Chrono Boost)  
  48  4:18  Probe (Chrono Boost), Immortal  
  48  4:20  Probe (Chrono Boost)  
  53  4:30  Probe x2 (Chrono Boost)  
  55  4:41  Probe (Chrono Boost)  
  55  4:42  Probe (Chrono Boost)  
  57  4:48  Adept x2  
  57  4:51  Probe (Chrono Boost)  
  57  4:52  Warp Prism  
  63  4:53  Pylon  
  63  4:54  Probe (Chrono Boost)  
  65  5:02  Probe (Chrono Boost)  
  65  5:06  Probe (Chrono Boost)  
  66  5:08  Adept x2  
  66  5:12  Probe (Chrono Boost)  
  70  5:16  Pylon  
  70  5:18  Probe (Chrono Boost)  
  71  5:23  Probe (Chrono Boost)  
  72  5:30  Probe (Chrono Boost), Nexus  
  72  5:33  Pylon  
  72  5:34  Probe (Chrono Boost)  
  74  5:40  Gateway  
  74  5:41  Observer  
  74  5:42  Gateway  
  75  5:51  Gateway  
  75  5:54  Gateway  
  75  5:58  Gateway  
  75  6:11  Gateway  
  75  6:14  Assimilator  
  75  6:15  Probe (Chrono Boost)  
  75  6:16  Probe (Chrono Boost)  
  75  6:17  Assimilator  
  76  6:27  Probe (Chrono Boost)  
  76  6:28  Probe (Chrono Boost)  
  78  6:38  Immortal  
  79  6:40  Probe (Chrono Boost)  
  79  6:42  Twilight Council  
  79  6:46  Adept x4  
  91  6:51  Adept  
  92  7:05  Resonating Glaives  
  92  7:10  Adept x3  
  92  7:11  Adept x2  
  102  7:18  Immortal  
  106  7:23  Templar Archives  
  106  7:27  Adept  
  108  7:35  Probe (Chrono Boost)  
  108  7:36  Probe (Chrono Boost)  
  104  7:37  Probe (Chrono Boost), Pylon  
  102  7:47  Adept x4  
  102  7:49  Adept  
  108  7:56  Probe (Chrono Boost)  
  109  8:01  High Templar x2  
  109  8:03  Adept  
  109  8:04  Adept  
  109  8:05  Archon  
  117  8:22  Pylon  
  117  8:24  Pylon  
  117  8:26  Pylon  
  117  8:28  Pylon  
  115  8:59  Pylon  
  115  9:00  Pylon  
  75  9:16  Adept  
  77  9:21  Adept  
  78  9:27  Pylon x2  
  76  9:40  Adept  
  77  9:48  Adept  
  77  9:49  Adept  
  77  9:50  Adept x3  
  78  10:12  Sentry  
  78  10:13  Sentry  
Show
View Real Time Build Order
Export as new Build Order

Neeb Protoss - Winner!

Build Orders:  

Get SALT Encoding   

  12  0:01  Probe (Chrono Boost)  
  13  0:11  Probe (Chrono Boost)  
  14  0:18  Pylon  
  14  0:22  Probe (Chrono Boost)  
  15  0:36  Probe (Chrono Boost)  
  15  0:37  Gateway  
  16  0:46  Probe (Chrono Boost)  
  16  0:48  Assimilator  
  17  0:52  Assimilator  
  18  0:57  Probe (Chrono Boost)  
  18  1:07  Probe (Chrono Boost)  
  18  1:09  Gateway  
  19  1:18  Probe (Chrono Boost)  
  20  1:24  Cybernetics Core  
  20  1:29  Probe (Chrono Boost)  
  21  1:33  Pylon  
  21  1:39  Probe (Chrono Boost)  
  22  1:46  Warp Gate  
  22  1:50  Probe (Chrono Boost)  
  24  2:02  Probe (Chrono Boost), Adept x2  
  30  2:16  Mothership Core (Chrono Boost)  
  30  2:17  Pylon  
  30  2:35  Stalker x2  
  34  2:56  Nexus  
  34  3:04  Probe (Chrono Boost)  
  37  3:05  Sentry  
  37  3:13  Robotics Facility  
  37  3:18  Probe (Chrono Boost)  
  38  3:23  Pylon  
  38  3:30  Probe (Chrono Boost)  
  39  3:36  Forge  
  40  3:41  Probe (Chrono Boost)  
  40  3:48  Sentry x2  
  44  3:52  Probe (Chrono Boost)  
  44  3:54  Protoss Ground Weapons Level 1  
  45  3:58  Warp Prism  
  48  4:10  Probe (Chrono Boost)  
  48  4:11  Probe (Chrono Boost)  
  49  4:22  Probe x2 (Chrono Boost)  
  51  4:29  Gateway  
  51  4:32  Observer  
  51  4:34  Probe x2 (Chrono Boost)  
  51  4:36  Adept  
  51  4:37  Adept  
  58  4:43  Pylon  
  59  4:46  Probe (Chrono Boost)  
  59  4:48  Probe (Chrono Boost)  
  60  4:57  Immortal  
  60  4:58  Probe (Chrono Boost)  
  62  5:00  Probe (Chrono Boost)  
  66  5:10  Probe (Chrono Boost)  
  66  5:13  Twilight Council  
  68  5:15  Probe (Chrono Boost), Assimilator  
  68  5:18  Assimilator  
  69  5:22  Probe (Chrono Boost)  
  69  5:28  Pylon  
  69  5:31  Pylon  
  69  5:34  Protoss Ground Weapons Level 2  
  69  5:35  Probe (Chrono Boost)  
  70  5:37  Resonating Glaives  
  70  5:38  Pylon  
  70  5:46  Immortal  
  70  5:48  Probe (Chrono Boost)  
  75  5:55  Probe (Chrono Boost)  
  75  5:56  Adept x2  
  80  6:00  Probe (Chrono Boost)  
  81  6:15  Gateway  
  81  6:16  Gateway  
  81  6:17  Gateway  
  81  6:18  Gateway  
  81  6:25  Immortal  
  83  6:33  Templar Archives  
  83  6:36  Adept x2  
  83  6:37  Adept  
  89  6:46  Pylon  
  89  6:59  Adept  
  89  7:00  Adept  
  93  7:04  Pylon x2  
  93  7:07  Nexus  
  93  7:16  Pylon  
  93  7:23  Adept x2  
  93  7:24  Adept  
  99  7:39  Probe x2 (Chrono Boost)  
  99  7:48  Adept x2  
  99  7:49  Adept x3  
  103  7:52  Pylon  
  103  8:01  Photon Cannon  
  103  8:05  Observer  
  104  8:15  Adept x6  
  104  8:16  Adept  
  116  8:42  Adept x2  
  116  8:43  Adept x4  
  72  9:15  Probe (Chrono Boost), Adept x2, High Templar x4  
  81  9:31  Archon x2  
Tags
 
Add a new tag
Caveats
  • Supply blocks, unpowered buildings, or Contaminate may cause inaccurate times.
  • Supply counts are checked every 10 seconds.